 Dungeon Crawl Stone Soup version 0.30-a0-972-gf3ab3527aa (webtiles) character file.

Game seed: 7126258436390224257

6372 DeathPants the Reanimator (level 10, -3/80 HPs)
             Began as a Demonspawn Necromancer on Mar 31, 2023.
             Was an Initiate of Gozag.
             Slain by a slime creature (9 damage)
             ... on level 10 of the Dungeon.
             The game lasted 00:30:37 (8110 turns).

DeathPants the Reanimator (Demonspawn Necromancer)  Turns: 8110, Time: 00:30:38

Health: -3/80      AC: 18    Str: 10    XL:     10   Next: 65%
Magic:  17/17      EV: 15    Int: 16    God:    Gozag
Gold:   1067       SH:  0    Dex: 17    Spells: 6/19 levels left

rFire   . . .      SeeInvis +    b - +0 dagger (heavy)
rCold   . . .      Faith    .    (no shield)
rNeg    . . .      Spirit   .    t - +3 leather armour
rPois   .          Reflect  .    q - +2 helmet
rElec   .          Rampage  .    d - +2 cloak
rCorr   .                        (no gloves)
Will    .....                    k - +2 pair of boots
Stlth   ++                       w - amulet of regeneration
HPRegen 1.13/turn                B - ring of see invisible
MPRegen 0.30/turn                N - ring of wizardry

@: no status effects
A: yellow scales 2, magic regeneration, demonic magic 2
a: Renounce Religion, Potion Petition, Call Merchant, Bribe Branch


You were on level 10 of the Dungeon.
You worshipped Gozag.
Gozag was most pleased with you.
You visited 2 branches of the dungeon, and saw 11 of its levels.

You collected 1140 gold pieces.
You paid 73 gold pieces to Gozag.

Inventory:

Hand Weapons
 a - a +2 dagger of venom
 b - a +0 heavy dagger (weapon)
 u - a +0 rapier
Missiles
 c - 2 throwing nets
 f - 6 javelins
 g - 22 poisoned darts
 x - 7 curare-tipped darts
 y - 6 atropa-tipped darts
 I - 12 boomerangs
Armour
 d - a +2 cloak (worn)
 k - a +2 pair of boots (worn)
 q - a +2 helmet (worn)
 t - a +3 leather armour (worn)
Jewellery
 i - a ring of fire
 o - an amulet of reflection
 w - an amulet of regeneration (around neck)
 B - a ring of see invisible (left hand)
 J - an amulet of guardian spirit
 N - a ring of wizardry (right hand)
Wands
 e - a wand of polymorph (30)
 v - a wand of iceblast (4)
 H - a wand of flame (17)
 M - a wand of charming (14)
Scrolls
 r - 4 scrolls of teleportation
 A - 2 scrolls of magic mapping
 D - 3 scrolls of fear
 F - a scroll of fog
 G - a scroll of enchant armour
 L - a scroll of amnesia
 O - a scroll of identify
Potions
 h - a potion of mutation
 j - a potion of cancellation
 l - a potion of magic
 m - 3 potions of lignification
 n - 2 potions of haste
 p - a potion of curing
 s - 3 potions of heal wounds
 z - a potion of attraction
 C - a potion of brilliance
 E - 2 potions of berserk rage
 K - a potion of flight


   Skills:
 + Level 7.9 Fighting
 + Level 5.2 Short Blades
 + Level 7.0 Dodging
 - Level 1.7 Stealth
 - Level 5.1 Spellcasting
 - Level 4.3 Hexes
 + Level 9.8 Necromancy


You had 6 spell levels left.
You knew the following spells:

 Your Spells              Type           Power      Damage    Failure   Level
a - Necrotise             Necr           100%       1d9       1%          1
b - Vampiric Draining     Necr           35%        2d8       1%          3
c - Anguish               Hex/Necr       13%        N/A       4%          4
d - Agony                 Necr           35%        N/A       4%          5

Your spell library contained the following spells:

 Spells                   Type           Power      Damage    Failure   Level
 Ensorcelled Hibernation  Hex/Ice        20%        N/A       5%          2
 Dazzling Flash           Conj/Hex       20%        N/A       11%         3
 Blink                    Tloc           8%         N/A       12%         2
 Lesser Beckoning         Tloc           8%         N/A       12%         2
 Momentum Strike          Conj/Tloc      8%         3d8       12%         2
 Ozocubu's Armour         Ice            4%         N/A       24%         3
 Spider Form              Tmut/Pois      4%         N/A       24%         3
 Metabolic Englaciation   Hex/Ice        5%         N/A       65%         5
 Silence                  Hex/Air        5%         N/A       65%         5
 Animate Dead             Necr           Unusable   N/A       N/A         4
 Simulacrum               Ice/Necr       Unusable   N/A       N/A         6

Dungeon Overview and Level Annotations

Branches:
Dungeon (10/15)            Temple (1/1) D:4            Lair (0/5) D:8
    Orc: D:9-12

Altars:
Ashenzari
Dithmenos
Fedhas
Gozag
Hepliaklqana
Kikubaaqudgha
Makhleb
Nemelex Xobeh
Okawaru
Qazlal
Ru
Sif Muna
Trog
Wu Jian
Xom

Shops:
D:6 *


Innate Abilities, Weirdness & Mutations

You are mostly covered in yellow scales. (AC +3)
You regenerate magic rapidly.
Spells you cast may paralyse nearby enemies.


Message History

Found a quarterstaff.
A slime creature comes into view.
Found a scroll of enchant armour.
The slime creature quivers.
You see here a +0 quarterstaff.
The slime creature quivers.
You hit the slime creature.
The slime creature is lightly wounded.
The slime creature closely misses you.
You puncture the slime creature!
The slime creature is moderately wounded.
The slime creature hits you but does no damage.
You hit the slime creature.
The slime creature is moderately wounded.
The slime creature hits you but does no damage.
You puncture the slime creature!
The slime creature is heavily wounded.
The slime creature misses you.
You barely miss the slime creature.
The slime creature is heavily wounded.
The slime creature hits you! x2
You puncture the slime creature!
The slime creature is heavily wounded.
The slime creature closely misses you. The slime creature hits you!
The slime creature misses you. The slime creature closely misses you.
You hit the slime creature.
The slime creature is severely wounded.
The slime creature hits you. The slime creature hits you!
You puncture the slime creature!
The slime creature is severely wounded.
The slime creature hits you but does no damage.
The slime creature hits you!
* * * LOW HITPOINT WARNING * * *
The slime creature attacks as you move away!
The slime creature hits you!
* * * LOW HITPOINT WARNING * * *
The slime creature attacks as you move away!
The slime creature hits you!
You die...
Your body crumbles into a pile of gold.

#.# ##### #.##?#
##...## #.##.#
#.....###.##.##
#.<...........#
#.....###.#.#.#
........####.....##
#######.###JJ#.#..#
#....@.)....#
#.##.####...# $
#.##.# #.### #....#
#.# #.#..# #.#
#.#..# #.# #.#..#
#.# #....####.# $
#.........#


You could see 2 slime creatures.

Vanquished Creatures
  Erolcha (D:9)
  A two-headed ogre (D:8)
  2 trolls
  3 slime creatures
  2 wyverns
  2 wraiths
  2 yaks (D:8)
  A basilisk (D:7)
  Grum (D:9)
  A steam dragon (D:8)
  An acid dragon (D:10)
  3 black bears
  An orc warrior (D:8)
  A sky beast (D:7)
  2 wolves (D:8)
  3 ogres
  A centaur (D:7)
  3 kobold brigands
  5 bullfrogs
  5 scorpions
  3 killer bees (D:8)
  3 electric eels (D:8)
  3 howler monkeys (D:8)
  2 orc priests
  A jelly (D:6)
  5 hounds
  A gnoll bouda (D:6)
  8 orc wizards
  2 sleepcaps
  3 iguanas (D:6)
  5 adders
  4 gnolls (D:6)
  2 white imps
  An ufetubus (D:4)
  A worm (D:4)
  A dart slug (D:4)
  27 orcs
  5 endoplasms
  3 giant cockroaches
  10 goblins
  9 hobgoblins
  4 quokkas
  4 ball pythons
  6 bats
  2 frilled lizards
  15 kobolds
  8 rats
179 creatures vanquished.

Vanquished Creatures (collateral kills)
  A goblin (D:1)
  A rat (D:3)
2 creatures vanquished.

Vanquished Creatures (others)
  11 fungi (D:8)
  41 plants (D:8)
52 creatures vanquished.

Grand Total: 233 creatures vanquished

Notes
Turn   | Place    | Note
-------+----------+-------------------------------------------
     0 | D:1      | DeathPants the Demonspawn Necromancer began the quest for
                  | the Orb.
     0 | D:1      | Reached XP level 1. HP: 13/13 MP: 3/3
   160 | D:1      | Gained mutation: Spells you cast may paralyse adjacent
                  | enemies. [demonic ancestry]
   160 | D:1      | Reached XP level 2. HP: 15/20 MP: 5/5
   330 | D:1      | Reached skill level 1 in Fighting
  1158 | D:2      | Reached XP level 3. HP: 26/26 MP: 4/6
  1329 | D:3      | Reached skill level 5 in Necromancy
  1368 | D:2      | Learned a level 3 spell: Vampiric Draining
  1460 | D:3      | Gained mutation: You regenerate magic rapidly. [demonic
                  | ancestry]
  1460 | D:3      | Reached XP level 4. HP: 33/33 MP: 4/8
  2214 | D:4      | Reached XP level 5. HP: 28/39 MP: 5/9
  2430 | D:5      | Entered Level 5 of the Dungeon
  2521 | D:4      | Gained mutation: You are partially covered in yellow
                  | scales. (AC +2) [demonic ancestry]
  2521 | D:4      | Reached XP level 6. HP: 16/47 MP: 11/11
  3161 | D:4      | Found a staircase to the Ecumenical Temple.
  3182 | Temple   | Entered the Ecumenical Temple
  3373 | Temple   | Became a worshipper of Gozag Ym Sagoz the Greedy
  3494 | D:5      | Reached skill level 6 in Necromancy
  3582 | D:5      | Reached XP level 7. HP: 53/53 MP: 11/13
  3985 | D:5      | Learned a level 5 spell: Agony
  4383 | D:6      | Gained mutation: You are mostly covered in yellow scales.
                  | (AC +3) [demonic ancestry]
  4383 | D:6      | Reached XP level 8. HP: 51/61 MP: 15/15
  4465 | D:6      | Reached skill level 7 in Necromancy
  4507 | D:6      | Reached skill level 5 in Spellcasting
  4587 | D:6      | Found a sparkling altar of Nemelex Xobeh.
  4675 | D:6      | Reached skill level 5 in Fighting
  4841 | D:6      | Found Pifrum's General Store.
  5163 | D:7      | Reached skill level 1 in Short Blades
  5425 | D:7      | Found an ancient bone altar of Kikubaaqudgha.
  5436 | D:7      | Noticed a troll
  5439 | D:7      | Noticed a slime creature
  5448 | D:7      | Killed a troll
  5449 | D:7      | Reached skill level 5 in Dodging
  5449 | D:7      | Noticed a slime creature
  5451 | D:7      | Noticed a slime creature
  5453 | D:7      | Noticed a slime creature
  5458 | D:7      | Killed a slime creature
  5568 | D:7      | Reached skill level 8 in Necromancy
  5568 | D:7      | Reached XP level 9. HP: 61/69 MP: 16/16
  5573 | D:7      | Learned a level 4 spell: Anguish
  6105 | D:9      | Noticed Erolcha
  6119 | D:9      | Killed Erolcha
  6183 | D:9      | Noticed Grum
  6183 | D:9      | Noticed a troll
  6250 | D:8      | Found a sacrificial altar of Ru.
  6287 | D:8      | Found a hazy altar of Hepliaklqana.
  6288 | D:8      | Found a shadowy altar of Dithmenos.
  6489 | D:8      | Noticed a two-headed ogre
  6818 | D:8      | Found a staircase to the Lair.
  6857 | D:8      | Killed a two-headed ogre
  6858 | D:8      | Reached skill level 9 in Necromancy
  6858 | D:8      | Gained mutation: Spells you cast may paralyse nearby
                  | enemies. [demonic ancestry]
  6858 | D:8      | Reached XP level 10. HP: 27/79 MP: 3/17
  7654 | D:9      | Killed Grum
  7846 | D:10     | Entered Level 10 of the Dungeon
  7870 | D:10     | Reached skill level 5 in Short Blades
  7952 | D:9      | Identified the +1 robe "Ihehuob" {rC- Str+6 Dex+2}
  8045 | D:9      | Found a burning altar of Makhleb.
  8045 | D:9      | Found a broken altar of Ashenzari.
  8110 | D:10     | Slain by a slime creature

Illustrated notes

Levels and vault maps discovered:
D:1:      nicolae_arrival_somewhat_less_tricky_arrival, layout_basic,
          serial_glass, glass_columns_c, glass_columns_b, glass_columns_a,
          glass_columns_c, glass_columns_a, glass_columns_c, glass_columns_b,
          glass_columns_b
D:2:      layout_basic
D:3:      layout_rooms
D:4:      layout_basic, lemuel_doored_altar, minmay_temple_entry_from_below_b,
          chequers_arboretum
D:5:      layout_gridville
D:6:      layout_basic, mainiacjoe_overflow_paths, serial_shops,
          kennysheep_little_box
D:7:      layout_basic, general_overflow_altar, lemuel_flamethrower_1
D:8:      layout_loops_ring, riverfiend_overflow_shadow_ancestor,
          mainiacjoe_overflow_brackets, grunt_lair_entry_orc_guard_hut,
          serial_bayou, serial_bayou_crossing, serial_bayou_shore_b,
          serial_bayou_shore_a, serial_bayou_pond_b, serial_bayou_ford_a,
          serial_bayou_pond_c, columned_hall_lemuel, dk_noncrumbling_3,
          chequers_serial_rivers_large_a
D:9:      layout_big_octagon, gammafunk_temple_overflow_elements, uniq_erolcha,
          uniq_grum
D:10:     minmay_the_grid_square_5x5_4x4 [minmay_the_grid_square_5x5_minimal,
          minmay_the_grid_square_5x5_forky,
          minmay_the_grid_square_5x5_misaligned,
          minmay_the_grid_square_5x5_minibox,
          minmay_the_grid_square_5x5_longway,
          minmay_the_grid_square_5x5_prize_waves,
          minmay_the_grid_square_5x5_prize_snowflake,
          minmay_the_grid_square_5x5_minivault,
          minmay_the_grid_square_5x5_bracketed,
          minmay_the_grid_square_5x5_prize_pseudospiral,
          minmay_the_grid_square_5x5_prize_rear_guard,
          minmay_the_grid_square_5x5_one_wall, minmay_the_grid_square_5x5_plus,
          minmay_the_grid_square_5x5_checkered_sparse,
          minmay_the_grid_square_5x5_meh, minmay_the_grid_square_5x5_inner_z],
          layout_loops_ring, chei_slow_surprise, serial_glass, glass_columns_a,
          glass_columns_c
Temple:   oiseaux_autumnal_temple

Skill      XL: |  1  2  3  4  5  6  7  8  9 10 |
---------------+-------------------------------+-----
Fighting       | 1 2 3 4 6 7 |  7.9
Necromancy     | 5 6 8 9 |  9.8
Spellcasting   | 3 4 5 |  5.1
Dodging        | 2 3 4 5 6 7 |  7.0
Short Blades   | 2 4 5 |  5.2
Hexes          | 3 4 |  4.3
Stealth        | |  1.7

Action                     |  1- 3 |  4- 6 |  7- 9 | 10-12 || total
---------------------------+-------+-------+-------+-------++-------
  Melee: Dagger            |    80 |   120 |   301 |   149 ||   650
         Punch             |     1 |     1 |     7 |     1 ||    10
   Cast: Necrotise         |    17 |    34 |    72 |    17 ||   140
         Agony             |       |       |     2 |       ||     2
         Anguish           |       |       |       |     1 ||     1
  Evoke: Wand              |       |       |     9 |     1 ||    10
    Use: Scroll            |       |    15 |     7 |     1 ||    23
         Potion            |       |     4 |     1 |       ||     5
   Stab: Paralysed         |     2 |     8 |    30 |    13 ||    53
         Sleeping          |     2 |     1 |     2 |     2 ||     7
         Distracted        |       |       |     3 |     2 ||     5
 Armour: Robe              |    20 |    36 |    31 |       ||    87
         Skin              |       |    33 |       |       ||    33
         Leather armour    |       |       |   126 |    63 ||   189
  Dodge: Dodged            |    36 |    64 |   179 |   132 ||   411
  Block: Other             |    14 |    24 |    39 |       ||    77
         Reflection        |     1 |       |     1 |       ||     2

Table legend: (Time is in decaauts)
 A = Elapsed time spent in this place.
 B = Non-inter-level travel time spent in this place.
 C = Inter-level travel time spent in this place.
 D = Time resting spent in this place.
 E = Time spent auto-exploring this place.
 F = Levels seen in this place.
 G = Mean time per level.
                   A        B        C        D        E       F      G
               +--------+--------+--------+--------+--------+-----+--------+
         Total |   8190 |   7904 |    286 |    514 |   4849 |  11 |  744.5 |
       Dungeon |   7961 |   7711 |    250 |    514 |   4681 |  10 |  796.1 |
        Temple |    228 |    192 |     36 |      0 |    168 |   1 |  228.0 |
               +--------+--------+--------+--------+--------+-----+--------+

Top non-repeatable levels by time:
     D:8: 1747 daAuts
     D:5: 971 daAuts
     D:1: 941 daAuts
     D:4: 931 daAuts
     D:7: 867 daAuts
     D:6: 753 daAuts
     D:2: 712 daAuts
     D:3: 500 daAuts
     D:9: 430 daAuts
  Temple: 228 daAuts
    D:10: 105 daAuts
